 Dungeon Crawl Stone Soup version 0.17-a0-1093-g0b3cd89 (webtiles) character file.

322 Hanyuu the Insei (level 6, -3/41 HPs)
             Began as an Octopode Transmuter on May 20, 2015.
             Slain by Duvessa
             ... wielding a +0 short sword
              (9 damage)
             ... on level 3 of the Dungeon.
             The game lasted 00:15:09 (4527 turns).

Hanyuu the Insei (Octopode Transmuter)              Turns: 4527, Time: 00:15:10

Health: -3/41      AC:  2    Str: 10    XL:     6   Next: 47%
Magic:  7/9        EV: 25    Int: 17    God:
Gold:   82         SH:  0    Dex: 22    Spells: 3 memorised, 3 levels left

rFire  . . .     SeeInvis .       - Unarmed
rCold  . . .     Clarity  .     (shield currently unavailable)
rNeg   . . .     SustAb   .     (helmet currently unavailable)
rPois  x         Gourm    .     (no amulet)
rElec  .         Spirit   .     (no ring)
rCorr  .         Warding  .     (no ring)
rMut   .         Stasis   .     (no ring)
MR     .....                    (no ring)
Stlth  +++.......               (no ring)
                                (no ring)
                                (no ring)
                                (no ring)

@: agile, spider-form (expiring), not resistant to hostile enchantments, fairly
stealthy
A: almost no armour, amphibious, 8 rings, (constrict 8), (camouflage 0),
(gelatinous body 0)
a: End Transformation


You were on level 3 of the Dungeon.
You were hungry.
You were a venomous arachnid creature.
You visited 1 branch of the dungeon, and saw 4 of its levels.

You collected 170 gold pieces.
You spent 88 gold pieces at shops.

Inventory:

Hand weapons
 a - a +0 blowgun
Missiles
 k - 50 poisoned needles
 o - 5 tomahawks
 p - 6 steel javelins (quivered)
 u - 37 arrows
 y - 15 sling bullets
Jewellery
 l - an uncursed amulet of clarity {unknown}
Magical devices
 t - a wand of random effects (29)
 x - a wand of frost (21)
 F - a wand of heal wounds (5)
Scrolls
 f - a scroll of recharging
 g - a scroll of noise
 m - 3 scrolls of teleportation
 s - a scroll of remove curse
Potions
 d - 3 potions of heal wounds
 i - a potion of lignification {unknown}
 j - a potion of berserk rage {unknown}
 z - a potion of cancellation {unknown}
 B - a potion of curing
 D - a potion of poison {unknown}
Books
 b - a book of Changes

   Spells                             Type                      Level
   a - Beastly Appendage              Transmutation                1
   b - Sticks to Snakes               Transmutation                2
   c - Spider Form                    Transmutation/Poison         3
   d - Ice Form                       Ice/Transmutation            4
   e - Blade Hands                    Transmutation                5
Comestibles
 c - 2 bread rations
 h - 2 meat rations
 E - a beef jerky


   Skills:
 + Level 2.6 Fighting
 + Level 2.0 Dodging
 * Level 5.4 Unarmed Combat
 - Level 2.0 Spellcasting
 - Level 4.0 Transmutations


You had 3 spell levels left.
You knew the following spells:

 Your Spells              Type           Power        Failure   Level  Hunger
a - Beastly Appendage     Trmt           ###...       12%         1    #......
b - Sticks to Snakes      Trmt           ###.......   17%         2    ###....
c - Spider Form           Trmt/Pois      #.........   45%         3    ###....


Dungeon Overview and Level Annotations

Branches:
Dungeon (4/15)
 Temple: D:4-7

Altars:
Dithmenos
Fedhas
Kikubaaqudgha
Nemelex Xobeh
Vehumet
The Shining One

Shops:
D:4 }!

Annotations:
D:3 Dowan, Duvessa


Innate Abilities, Weirdness & Mutations

You cannot wear most types of armour.
You are amphibious.
You can wear up to eight rings at the same time.
((You can use your tentacles to constrict eight enemies at once.))
((Your skin changes colour to match your surroundings (Stealth).))
((Your rubbery body absorbs attacks (AC +1).))


Message History

You barely miss Dowan.
Dowan is lightly wounded.
Duvessa hits you with a short sword! Dowan gestures at you while chanting.
The puff of flame hits you!
You hit Dowan.
Dowan looks even sicker.
Dowan is moderately wounded.
Duvessa hits you with a short sword. Dowan hits you with a dagger.
* * * LOW HITPOINT WARNING * * *
Duvessa hits you with a short sword.
* * * LOW HITPOINT WARNING * * *
Dowan hits you with a dagger.
* * * LOW HITPOINT WARNING * * *
You climb upwards.
There is a stone staircase leading down here.
Your transformation is almost over.
Dowan gestures at Duvessa while chanting.
Duvessa seems to speed up.
Duvessa hits you with a short sword!
You die...

# #.#.....##...(.....#
#.#.).......#.#.##.#
######.#.....####..#.#...
##............###..##.....
##..##.............###.....
#######...#.>.....########.......
.........###.....## ######.#
......).......################..#
........####....s##........##....
.......###...###e.#........##....
............#####..........##....
........###........e.......###..#
......### #########!>......# ####
......# ######........# #..####
#.............# ####
#...#.........# #........######


You could see Duvessa and Dowan.

Vanquished Creatures
  A hound (D:3)
  3 worker ants
  2 orc priests (D:3)
  6 adders
  2 oozes
  5 worms
  3 giant geckos
  3 orcs
  6 giant cockroaches
  8 hobgoblins
  7 jackals (D:3)
  6 kobolds
  A ball python (D:3)
  4 bats
  5 giant newts
  13 goblins
  A quokka (D:4)
  8 rats
84 creatures vanquished.

Notes
Turn   | Place    | Note
--------------------------------------------------------------
     0 | D:1      | Hanyuu the Octopode Transmuter began the quest for the Orb.
     0 | D:1      | Reached XP level 1. HP: 13/13 MP: 3/3
   286 | D:1      | Reached XP level 2. HP: 16/18 MP: 5/5
  1065 | D:2      | Reached skill level 4 in Unarmed Combat
  1301 | D:2      | Reached XP level 3. HP: 23/23 MP: 6/6
  1305 | D:2      | Learned a level 2 spell: Sticks to Snakes
  1309 | D:2      | Learned a level 3 spell: Spider Form
  1406 | D:2      | Found a blossoming altar of Fedhas.
  1408 | D:2      | Found an ancient bone altar of Kikubaaqudgha.
  1444 | D:2      | Found a sparkling altar of Nemelex Xobeh.
  1599 | D:2      | Reached XP level 4. HP: 15/28 MP: 7/7
  1758 | D:2      | Found a glowing golden altar of the Shining One.
  1839 | D:2      | Reached skill level 5 in Unarmed Combat
  2387 | D:3      | Reached XP level 5. HP: 33/33 MP: 6/8
  3214 | D:3      | Reached XP level 6. HP: 19/39 MP: 7/9
  3870 | D:3      | Found a radiant altar of Vehumet.
  4098 | D:4      | Found Rulix's Distillery.
  4111 | D:4      | Bought a potion of heal wounds for 55 gold pieces
  4116 | D:4      | Bought a potion of curing for 33 gold pieces
  4174 | D:4      | Found Suli's Gadget Shop.
  4398 | D:4      | Noticed Dowan
  4400 | D:4      | Noticed Duvessa
  4447 | D:4      | Found a shadowy altar of Dithmenos.
  4527 | D:3      | Slain by Duvessa

Vault maps used:
D:1:      sevenhm_arrival_forest_fort_small_3, minmay_misc_feat_chi,
          corexii_item_surrounded_by_moat
D:2:      lemuel_doored_altar, nicolae_tso_swordbearing_angel,
          grunt_temple_overflow_growth_and_decay, kennysheep_generic_room_2
D:3:      vehumet_altar_wand_db, first_bread
D:4:      nicolae_dithmenos_through_a_glass_darkly, serial_shops, shop, shop,
          nicolae_shop_behind_doors, uniq_duvessa

Action                   |  1- 3 |  4- 6 || total
-------------------------+-------+-------++-------
Melee: Unarmed           |    76 |   140 ||   216
 Fire: Blowgun           |       |     2 ||     2
 Cast: Beastly Appendage |     4 |     9 ||    13
       Spider Form       |       |     7 ||     7
  Use: Scroll            |       |    12 ||    12
       Potion            |       |     1 ||     1
 Stab: Sleeping          |     4 |     2 ||     6
  Eat: Chunk             |     2 |     7 ||     9
       Fruit             |       |     4 ||     4
